Warning! The script has encountered some errors when parsing the replay. Please report them to the . » details
0x00, prev: 0x16: 16 02 01 00 BA 71 00 00 59 CA 00 00 [00] 00 00 00 00 00 00 00 00 00 00 00 00 00 00 00 00 00 00 00 00 00 00 00 00 00 02 1F 00 12 08 00 03 00 0D 00 FF FF FF FF FF FF FF FF 00 00 30 C5 00 00 04 C5 80 73 00 00 6F DB 05 00
0x00, prev: 0x00: 16 02 01 00 BA 71 00 00 59 CA 00 00 00 00 00 00 00 00 00 00 00 00 00 00 00 00 00 00 00 00 00 00 00 00 00 00 [00] 00 02 1F 00 12 08 00 03 00 0D 00 FF FF FF FF FF FF FF FF 00 00 30 C5 00 00 04 C5 80 73 00 00 6F DB 05 00
0x00, prev: 0x01: 16 02 04 00 BA 71 00 00 59 CA 00 00 0A 1B 00 00 36 15 02 00 0A 45 00 00 58 15 02 00 6A 64 00 00 14 69 02 00 00 00 00 00 00 00 00 00 00 00 00 00 00 00 00 00 00 00 00 00 00 00 00 00 01 [00]
0x00, prev: 0x02: 16 02 02 00 BA 71 00 00 59 CA 00 00 D3 78 00 00 1E E6 04 00 00 00 00 00 00 00 00 00 00 00 00 00 00 00 00 00 00 00 00 00 00 00 00 00 02 [00]
General information
- name: BNet
- type: Ladder team game (AT/RT)
- host: Battle.net
- saver: brucewillisusa
map: ExcavationSite
- players: 4
- length: 26:39
- speed: Fast
- version: 1.23 W3XP
- replay type: Public
» download(105 KB)
Players
team 1 (winner)
I8I (
pink | 127 APM | 813 actions | 06:24)
3 Tauren Chieftain
2 Endurance Aura
1 War Stomp
» actions
| Assign group hotkey | 33 | |
| Basic commands | 50 | |
| Build / train | 37 | |
| ESC pressed | 5 | |
| Enter build submenu | 17 | |
| Enter hero's abilities submenu | 3 | |
| Remove unit from queue | 1 | |
| Right click | 306 | |
| Select / deselect | 217 | |
| Select group hotkey | 99 | |
| Use ability | 45 | |
813 total
» units
| Peon | 9 | |
| Grunt | 5 | |
| Shaman | 3 | |
| Tauren | 2 | |
19 total
» upgrades
| Melee Weapons | 1 | |
| Witch Doctor Training | 2 | |
| Shaman Training | 1 | |
| Pulverize | 1 | |
5 total
» buildings
| Altar of Storms | 1 | |
| Orc Burrow | 5 | |
| Barracks | 1 | |
| Voodoo Lounge | 1 | |
| Stronghold | 1 | |
| War Mill | 1 | |
| Spirit Lodge | 4 | |
| Fortress | 1 | |
| Tauren Totem | 1 | |
16 total
» build order
00:10 Altar of Storms
00:34 Orc Burrow
00:51 Barracks
01:35 Orc Burrow
01:58 Voodoo Lounge
02:42 Orc Burrow
03:13 Stronghold
04:00 War Mill
05:37 Spirit Lodge
05:38 Fortress
05:43 Spirit Lodge
06:24 Orc Burrow
» items
| Healing Salve | 2 | |
| Scroll of Speed | 1 | |
| Potion of Healing | 1 | |
| Scroll of Town Portal | 1 | |
5 total

»
brucewillisusa (
purple | 101 APM | 1950 actions | 19:16)
5 Blademaster
2 Wind Walk
2 Critical Strike
1 Bladestorm
» actions
| Assign group hotkey | 92 | |
| Basic commands | 8 | |
| Build / train | 75 | |
| ESC pressed | 6 | |
| Enter build submenu | 31 | |
| Enter hero's abilities submenu | 6 | |
| Give item / drop item | 4 | |
| Right click | 889 | |
| Select / deselect | 236 | |
| Select group hotkey | 478 | |
| Use ability | 125 | |
1950 total
» units
| Peon | 17 | |
| Wind Rider | 10 | |
| Tauren | 2 | |
| Troll Batrider | 4 | |
33 total
» upgrades
| Envenomed Spears | 1 | |
| Ranged Weapons | 2 | |
| Reinforced Defenses | 1 | |
| Liquid Fire | 1 | |
5 total
» buildings
| Altar of Storms | 1 | |
| Orc Burrow | 4 | |
| Voodoo Lounge | 1 | |
| War Mill | 1 | |
| Stronghold | 1 | |
| Beastiary | 4 | |
| Fortress | 1 | |
| Watch Tower | 18 | |
| Great Hall | 1 | |
32 total
» build order
00:10 Altar of Storms
00:13 Orc Burrow
01:07 Voodoo Lounge
01:54 War Mill
02:42 Stronghold
04:01 Orc Burrow
04:04 Orc Burrow
05:03 Beastiary
05:04 Beastiary
05:06 Fortress
05:51 Orc Burrow
06:24 Watch Tower
08:09 Watch Tower
08:17 Watch Tower
08:18 Watch Tower
08:20 Watch Tower
08:53 Watch Tower
08:54 Watch Tower
08:55 Watch Tower
09:29 Watch Tower
09:31 Watch Tower
12:00 Beastiary
12:02 Beastiary
15:52 Great Hall
17:56 Watch Tower
18:00 Watch Tower
18:01 Watch Tower
» items
| Lesser Clarity Potion | 8 | |
| Healing Salve | 5 | |
| Circlet of Nobility | 1 | |
| Boots of Speed | 1 | |
| Staff of Teleportation | 2 | |
| Scroll of Town Portal | 2 | |
| Orb of Lightning | 2 | |
| Tiny Great Hall | 2 | |
| Potion of Healing | 1 | |
| Potion of Mana | 2 | |
| Potion of Lesser Invulnerability | 1 | |
27 total
team 2 (loser)

»
Sir-Angel (
teal | 67 APM | 1279 actions | 19:01)
4 Tauren Chieftain
1 Shockwave
2 Endurance Aura
1 Reincarnation
» actions
| Assign group hotkey | 12 | |
| Build / train | 59 | |
| Enter build submenu | 27 | |
| Enter hero's abilities submenu | 6 | |
| Remove unit from queue | 1 | |
| Right click | 763 | |
| Select / deselect | 336 | |
| Select group hotkey | 10 | |
| Use ability | 65 | |
1279 total
» units
| Peon | 8 | |
| Grunt | 9 | |
| Troll Witch Doctor | 4 | |
| Spirit Walker | 2 | |
| Troll Batrider | 11 | |
| Demolisher | 3 | |
37 total
» upgrades
| Pillage | 1 | |
| Armor | 1 | |
| Witch Doctor Training | 2 | |
| Spirit Walker Training | 1 | |
| Melee Weapons | 1 | |
| Liquid Fire | 1 | |
7 total
» buildings
| Altar of Storms | 1 | |
| Orc Burrow | 8 | |
| Barracks | 2 | |
| Voodoo Lounge | 2 | |
| War Mill | 1 | |
| Stronghold | 1 | |
| Watch Tower | 5 | |
| Fortress | 1 | |
| Spirit Lodge | 2 | |
| Beastiary | 2 | |
| Great Hall | 1 | |
26 total
» build order
00:27 Altar of Storms
00:39 Orc Burrow
01:10 Barracks
01:57 Orc Burrow
02:20 Barracks
03:02 Voodoo Lounge
03:06 Voodoo Lounge
03:28 Orc Burrow
04:44 War Mill
05:12 Stronghold
06:21 Watch Tower
06:24 Beastiary
06:46 Orc Burrow
07:05 Watch Tower
08:10 Beastiary
08:14 Orc Burrow
09:25 Orc Burrow
15:33 Great Hall
» items
| Healing Salve | 2 | |
| Lesser Clarity Potion | 2 | |
| Scroll of Speed | 2 | |
6 total

»
131u3 (
yellow | 71 APM | 1369 actions | 19:15)
3 Death Knight
2 Death Coil
1 Unholy Aura
1 Lich
1 Frost Nova
» actions
| Basic commands | 58 | |
| Build / train | 35 | |
| Enter build submenu | 18 | |
| Enter hero's abilities submenu | 6 | |
| Remove unit from queue | 4 | |
| Right click | 863 | |
| Select / deselect | 332 | |
| Use ability | 52 | |
1369 total
» units
| Acolyte | 2 | |
| Ghoul | 3 | |
| Crypt Fiend | 10 | |
| Obsidian Statue | 1 | |
16 total
» upgrades
» buildings
| Crypt | 2 | |
| Graveyard | 1 | |
| Ziggurat | 5 | |
| Altar of Darkness | 1 | |
| Tomb of Relics | 1 | |
| Nerubian Tower | 1 | |
| Halls of the Dead | 1 | |
| Slaughterhouse | 1 | |
13 total
» build order
00:12 Crypt
00:16 Crypt
00:30 Graveyard
00:45 Ziggurat
01:04 Altar of Darkness
01:30 Tomb of Relics
02:02 Ziggurat
03:07 Ziggurat
04:29 Nerubian Tower
05:06 Halls of the Dead
06:24 Ziggurat
» items
| Healing Salve | 1 | |
| Dust of Appearance | 1 | |
| Rod of Necromancy | 1 | |
| Scroll of Town Portal | 1 | |
4 total
Chat log
(00:17 / Allies) brucewillisusa: i hate this fuckin map
(06:02 / Allies) brucewillisusa: dont go suicide
(06:12 / Allies) brucewillisusa: yiou are not a blademaster
(06:19 / Allies) brucewillisusa: your grunts dont have windwalk
(06:24 / All) Sir-Angel: i have 2150
(19:14 / All) brucewillisusa: god my parnter was bad